Map: Eternal Empire LE

Players

Filho

  • Race: Protoss Protoss
  • League: Grandmaster
  • Spawn Location: 7:00

PrintSC - Winner!

  • Race: Terran Terran
  • League: Master
  • Spawn Location: 1:00

VOD

Have the link to the VOD?

Description

Time

  • Played on: March 30, 2020, 12:51 p.m.
  • Length: 13:40
Show
View Real Time Build Order
Export as new Build Order

Filho Protoss 

Build Orders: 1 Gate Expand, Blink Stalkers 

Get SALT Encoding   

  12  0:01  Probe  
  13  0:13  Probe  
  14  0:18  Pylon  
  14  0:25  Probe  
  15  0:37  Gateway  
  15  0:39  Probe (Chrono Boost)  
  16  0:47  Assimilator  
  16  0:49  Probe (Chrono Boost)  
  17  0:54  Probe (Chrono Boost)  
  18  1:05  Probe  
  19  1:24  Nexus  
  19  1:33  Cybernetics Core  
  19  1:36  Probe (Chrono Boost)  
  20  1:44  Pylon  
  20  1:46  Probe (Chrono Boost)  
  21  1:51  Assimilator, Probe (Chrono Boost)  
  22  2:03  Probe  
  22  2:06  Stalker (Chrono Boost)  
  22  2:07  Warp Gate (Chrono Boost)  
  25  2:15  Probe  
  26  2:28  Probe (Chrono Boost)  
  27  2:33  Twilight Council  
  27  2:36  Probe (Chrono Boost)  
  28  2:40  Stalker  
  31  2:45  Probe (Chrono Boost)  
  31  2:53  Gateway  
  31  2:55  Probe  
  31  2:56  Probe  
  33  3:03  Blink (Chrono Boost)  
  33  3:07  Probe  
  34  3:17  Gateway  
  34  3:18  Probe  
  35  3:21  Probe  
  36  3:30  Probe  
  36  3:33  Probe  
  38  3:42  Probe  
  38  3:45  Probe  
  40  3:50  Stalker  
  40  3:53  Nexus  
  42  4:00  Probe  
  42  4:01  Probe  
  44  4:03  Pylon  
  44  4:05  Stalker  
  46  4:10  Pylon  
  46  4:17  Pylon  
  46  4:21  Probe x2  
  46  4:23  Stalker  
  50  4:25  Sentry  
  50  4:33  Probe  
  50  4:34  Probe  
  49  4:43  Robotics Facility  
  48  4:45  Probe  
  48  4:46  Probe  
  48  4:47  Charge (Chrono Boost)  
  50  4:53  Forge  
  50  4:58  Zealot, Probe (Chrono Boost)  
  50  4:59  Sentry, Probe (Chrono Boost)  
  57  5:10  Probe x2 (Chrono Boost)  
  57  5:11  Gateway  
  57  5:13  Gateway  
  59  5:15  Probe (Chrono Boost)  
  59  5:19  Probe (Chrono Boost)  
  60  5:22  Probe  
  60  5:23  Probe  
  60  5:25  Stalker x2  
  62  5:31  Observer (Chrono Boost)  
  62  5:32  Probe  
  62  5:34  Probe  
  63  5:36  Probe  
  64  5:44  Probe  
  64  5:46  Observer, Pylon, Probe  
  64  5:48  Probe  
  68  5:54  Photon Cannon  
  68  5:56  Probe  
  69  5:58  Protoss Ground Armor Level 1 (Chrono Boost), Probe  
  69  6:00  Probe  
  69  6:04  Gateway  
  71  6:06  Gateway  
  71  6:08  Probe  
  71  6:10  Probe  
  71  6:12  Probe  
  72  6:19  Zealot x2, Pylon  
  72  6:20  Probe  
  72  6:22  Probe  
  72  6:24  Probe, Pylon  
  79  6:32  Probe  
  79  6:34  Probe  
  79  6:36  Probe  
  79  6:37  Zealot x3  
  88  6:42  Immortal (Chrono Boost)  
  88  6:45  Pylon  
  92  6:48  Pylon  
  92  6:56  Stalker  
  92  7:00  Gateway  
  92  7:01  Gateway  
  93  7:02  Gateway  
  93  7:07  Nexus  
  93  7:11  Observer  
  93  7:14  Observer, Probe x3  
  97  7:21  Pylon  
  97  7:23  Forge  
  97  7:26  Probe x2  
  97  7:28  Probe  
  100  7:34  Assimilator  
  100  7:36  Assimilator  
  100  7:38  Probe x2  
  100  7:40  Probe  
  103  7:47  Zealot x3  
  103  7:48  Zealot x4  
  117  7:55  Probe  
  117  7:58  Probe  
  117  8:03  Photon Cannon  
  117  8:04  Probe  
  117  8:07  Shield Battery, Probe  
  117  8:11  Probe  
  119  8:16  Robotics Facility, Robotics Bay  
  116  8:20  Pylon  
  116  8:21  Probe x3  
  116  8:23  Probe  
  116  8:26  Gateway  
  120  8:28  Gateway  
  120  8:29  Immortal  
  120  8:31  Protoss Ground Armor Level 2 (Chrono Boost)  
  120  8:33  Protoss Ground Weapons Level 1 (Chrono Boost), Probe x2  
  127  8:41  Probe  
  127  8:42  Assimilator  
  127  8:45  Probe  
  127  8:47  Zealot x5  
  127  8:48  Zealot  
  140  8:56  Pylon  
  140  9:00  Photon Cannon, Extended Thermal Lance (Chrono Boost)  
  140  9:04  Pylon  
  140  9:06  Assimilator  
  140  9:07  Colossus x2 (Chrono Boost)  
  140  9:08  Shield Battery  
  152  9:24  Probe  
  153  9:35  Zealot x7  
  153  9:36  Zealot x2  
  171  9:52  Templar Archives  
  171  9:54  Pylon  
  171  9:55  Pylon  
  171  9:56  Pylon  
  171  10:05  Observer  
  171  10:08  Colossus (Chrono Boost)  
  171  10:09  Colossus (Chrono Boost)  
  171  10:13  Nexus  
  183  10:16  Pylon  
  183  10:19  Pylon, Probe  
  183  10:21  Unknown  
  184  10:31  Psionic Storm  
  184  10:33  High Templar x2  
  188  10:38  Photon Cannon  
  188  10:39  Pylon  
  188  10:41  Shield Battery  
  188  10:43  Shield Battery, Photon Cannon  
  188  10:44  Protoss Ground Weapons Level 2 (Chrono Boost)  
  188  10:55  Colossus  
  194  10:58  Stalker x2, Pylon  
  194  10:59  Stalker  
  179  11:15  Zealot x5  
  179  11:16  Zealot x3  
  174  11:19  Gateway  
  174  11:25  Archon  
  156  11:31  Stalker  
  156  11:32  Stalker x2  
  134  11:38  Stalker x2  
  134  11:39  Colossus (Chrono Boost)  
  132  11:40  Stalker x3  
  132  11:41  Stalker  
  132  11:42  Zealot  
  134  11:49  Observer  
  125  12:04  High Templar x2, Pylon  
  125  12:05  High Templar x2  
  125  12:06  Zealot x6  
  125  12:07  Colossus (Chrono Boost), Zealot  
  147  12:09  Archon  
  147  12:10  Archon  
  152  12:21  Zealot  
  130  12:33  Stalker x2  
  130  12:34  Stalker x2  
  130  12:35  Zealot x3  
  106  12:37  Colossus (Chrono Boost)  
  106  12:43  High Templar  
  106  12:44  High Templar x2  
  95  12:58  Stalker x3  
  95  12:59  Stalker x2  
  95  13:00  Zealot x3  
  111  13:19  Zealot x2  
  121  13:20  Zealot x2  
Show
View Real Time Build Order
Export as new Build Order

PrintSC Terran - Winner!

Build Orders: Reaper Expand, Banshee Rush 

Get SALT Encoding   

  12  0:00  SCV  
  13  0:12  SCV  
  14  0:17  Supply Depot  
  14  0:24  SCV  
  15  0:38  SCV  
  15  0:39  Barracks  
  16  0:44  Refinery  
  16  0:50  SCV  
  17  1:03  SCV  
  18  1:15  SCV  
  19  1:27  Orbital Command, Reaper  
  20  1:44  Command Center  
  20  1:53  SCV  
  21  1:56  Supply Depot  
  21  2:01  Marine  
  21  2:05  SCV  
  23  2:12  Refinery  
  23  2:18  SCV  
  23  2:22  Factory  
  24  2:24  Barracks Reactor  
  24  2:30  SCV  
  25  2:41  Bunker  
  25  2:42  SCV  
  26  2:54  SCV  
  26  2:57  Orbital Command  
  27  3:10  Starport  
  27  3:11  Hellion  
  27  3:12  Hellion  
  31  3:17  Barracks Tech Lab  
  31  3:19  SCV  
  32  3:23  SCV  
  33  3:32  SCV  
  33  3:33  Hellion x2  
  38  3:35  SCV  
  39  3:44  SCV  
  39  3:45  Supply Depot  
  39  3:47  SCV  
  41  3:54  Banshee, Cloaking Field  
  44  4:03  SCV x2  
  44  4:05  Factory Tech Lab  
  44  4:07  Marine x2, Supply Depot  
  48  4:15  SCV x2  
  50  4:23  Command Center  
  50  4:28  SCV x2  
  52  4:37  Banshee, Marine  
  52  4:38  Marine, Siege Tank  
  53  4:41  SCV x2  
  53  4:45  Supply Depot  
  53  4:53  SCV x2  
  53  4:57  Marine x2  
  53  4:59  Supply Depot x2  
  57  5:05  SCV  
  57  5:06  SCV  
  59  5:10  Siege Tank  
  62  5:15  Marine x2  
  62  5:18  SCV  
  62  5:19  SCV  
  64  5:24  Raven  
  63  5:31  SCV  
  63  5:33  SCV  
  65  5:38  Orbital Command, Refinery  
  65  5:39  Barracks  
  65  5:40  Refinery  
  65  5:43  Engineering Bay, Barracks, SCV  
  65  5:45  Engineering Bay  
  65  5:46  SCV  
  67  5:51  Siege Tank  
  67  5:52  Marine x2, Supply Depot  
  72  5:57  SCV  
  72  5:58  SCV  
  74  6:09  Marine  
  74  6:10  Marine  
  76  6:12  Orbital Command  
  76  6:15  Terran Infantry Weapons Level 1, Terran Infantry Armor Level 1  
  76  6:22  Barracks  
  76  6:23  Barracks  
  76  6:32  Siege Tank  
  79  6:36  Barracks Tech Lab, Barracks Reactor  
  79  6:39  SCV x2  
  82  6:40  SCV  
  82  6:41  Marine, Stimpack  
  83  6:51  SCV x2  
  83  6:52  SCV  
  83  6:53  Refinery  
  86  6:56  Refinery  
  86  6:59  Marine  
  86  7:01  Medivac x2  
  88  7:03  SCV  
  88  7:04  SCV x2  
  91  7:11  Barracks Tech Lab, Supply Depot  
  91  7:12  Combat Shield, Supply Depot  
  91  7:13  Marine x3, Supply Depot  
  94  7:17  Marine  
  94  7:21  SCV, Barracks Reactor  
  94  7:22  SCV  
  97  7:26  SCV  
  98  7:31  Marine x3  
  98  7:33  Armory, Siege Tank  
  98  7:34  Supply Depot, SCV x2  
  98  7:36  Supply Depot  
  106  7:38  SCV  
  106  7:43  Marine  
  106  7:44  Marine  
  108  7:46  SCV x2  
  108  7:49  Marine x3  
  108  7:50  SCV  
  115  8:01  SCV x2  
  115  8:02  SCV  
  115  8:05  Marauder, Command Center  
  120  8:06  Marine, Marauder  
  120  8:07  Marauder  
  120  8:08  Marine x2, Ghost Academy  
  120  8:09  Siege Tank  
  120  8:10  Factory  
  130  8:16  SCV x2  
  132  8:25  SCV  
  132  8:27  Marauder x2  
  135  8:28  SCV x2  
  135  8:29  Barracks  
  135  8:30  Barracks  
  135  8:31  Missile Turret, Terran Infantry Weapons Level 2  
  135  8:32  Missile Turret  
  135  8:33  Terran Infantry Armor Level 2  
  135  8:34  Missile Turret  
  139  8:35  Terran Vehicle Weapons Level 1, Missile Turret  
  139  8:46  Marine  
  139  8:47  Marine x3  
  139  8:48  Marine  
  148  9:04  Marine  
  148  9:06  Factory Tech Lab, Supply Depot  
  148  9:08  Enhanced Shockwaves, Supply Depot  
  149  9:10  Supply Depot  
  149  9:13  Supply Depot  
  149  9:14  Unknown  
  149  9:15  Supply Depot  
  149  9:16  Unknown  
  149  9:17  Marine, Medivac, Siege Tank, Supply Depot  
  149  9:18  Missile Turret  
  155  9:27  Marauder x2  
  158  9:33  SCV x3  
  161  9:39  Barracks Tech Lab, Barracks Reactor  
  161  9:45  Siege Tank, SCV  
  165  9:46  Marine x2  
  165  9:49  Marauder x2  
  171  9:53  Planetary Fortress  
  171  9:54  SCV x2  
  171  9:55  Marauder, Unknown  
  171  9:57  Missile Turret, SCV  
  176  10:00  Refinery, Viking x2  
  176  10:04  Refinery  
  176  10:06  SCV x2  
  176  10:07  Sensor Tower  
  182  10:09  SCV  
  182  10:13  Supply Depot  
  183  10:14  Missile Turret x2  
  183  10:21  Siege Tank  
  186  10:22  Marauder  
  186  10:23  Command Center  
  190  10:35  Sensor Tower  
  190  10:36  Starport  
  190  10:51  Unknown  
  183  11:16  Marine x4  
  183  11:17  Marauder x3  
  192  11:19  Marine  
  192  11:20  Marauder  
  185  11:26  Marine  
  185  11:28  Viking x2, Siege Tank x2  
  177  11:34  Marine x2  
  177  11:38  Marauder x3  
  177  11:39  Marine x3  
  181  11:41  Marauder  
  181  11:46  Starport  
  179  11:57  Marine x2  
  179  11:58  Marine, Medivac x2  
  179  11:59  Marauder  
  179  12:00  Marauder  
  189  12:12  Command Center  
  189  12:13  Command Center  
  189  12:29  Marine x2, Marauder  
  181  12:30  Marauder  
  169  12:39  Marine x3  
  169  12:40  Marauder, Viking x2, Siege Tank x2  
  184  12:47  Medivac  
  186  12:55  Planetary Fortress  
  186  13:06  Marine x5  
  186  13:07  Marauder x2  
  186  13:08  Marine x2, Marauder  
  186  13:10  Unknown  
  186  13:11  SCV  
Tags
 
Add a new tag
Caveats
  • Supply blocks, unpowered buildings, or Contaminate may cause inaccurate times.
  • Supply counts are checked every 10 seconds.